 Dungeon Crawl Stone Soup version 0.18-a0-1164-g7046a04 (webtiles) character file.

9102 kae the Fencer (level 11, -5/82 HPs)
             Began as a Minotaur Fighter on Jan 25, 2016.
             Was a Follower of Qazlal.
             Slain by Donald
             ... wielding a +1 antimagic demon trident
              (23 damage)
             ... on level 2 of the Orcish Mines.
             The game lasted 00:15:14 (11123 turns).

kae the Fencer (Minotaur Fighter)                  Turns: 11123, Time: 00:15:14

Health: -5/82      AC:  0    Str: 21    XL:     11   Next: 18%
Magic:  12/14      EV: 12    Int:  7    God:    Qazlal [*.....]
Gold:   876        SH:  2    Dex: 13    Spells: 0 memorised, 10 levels left

rFire  . . .     SeeInvis .     (weapon currently unavailable)
rCold  . . .     Gourm    .     (armour currently unavailable)
rNeg   . . .     Faith    .     (shield currently unavailable)
rPois  .         Spirit   .     (helmet currently unavailable)
rElec  .         Dismiss  .     (cloak currently unavailable)
rCorr  .         Reflect  .     (gloves currently unavailable)
SustAt .         Harm     .     (boots currently unavailable)
MR     .....     Clarity  +     (amulet currently unavailable)
Stlth  +.........               (ring currently unavailable)
                                (ring currently unavailable)

@: lethally poisoned (-5 -> -15), porcupine-form, slowed, slow, not resistant to
hostile enchantments, very unstealthy
A: (retaliatory headbutt), (horns 0), (molten scales 0), agile 1, clarity,
screaming 1
a: Renounce Religion


You were on level 2 of the Orcish Mines.
You worshipped Qazlal.
Qazlal was aware of your devotion.
You were not hungry.
You were a spiny porcupine.
You visited 3 branches of the dungeon, and saw 13 of its levels.

You collected 876 gold pieces.

Inventory:

Hand Weapons
 a - a +1 long sword (melded)
Armour
 b - a +0 scale mail (melded)
 c - a +0 shield (melded)
Jewellery
 d - an uncursed ring of stealth
 h - a ring of magical power (melded)
 j - a +2 ring of protection (melded)
Wands
 x - a wand of paralysis (0/24)
 B - a wand of fireball (0/15)
Scrolls
 g - 4 scrolls of enchant weapon
 i - a scroll of fear {unknown}
 l - 2 scrolls of teleportation
 n - 3 scrolls of remove curse
 p - a scroll of recharging
 q - 3 scrolls of identify
 u - a scroll of fog
 A - 2 scrolls of amnesia
 D - a scroll of blinking
Potions
 e - 2 potions of flight
 k - 4 potions of mutation
 C - a potion of lignification {unknown}
Books
 r - a book of Flames

   Spells                             Type                      Level
   a - Flame Tongue                   Conjuration/Fire             1
   b - Throw Flame                    Conjuration/Fire             2
   c - Conjure Flame                  Conjuration/Fire             3
   d - Inner Flame                    Hexes/Fire                   3
   e - Sticky Flame                   Conjuration/Fire             4
   f - Fireball                       Conjuration/Fire             5
 t - a book of Enchantments

   Spells                             Type                      Level
   a - Cause Fear                     Hexes                        4
   b - Yara's Violent Unravelling     Hexes/Transmutation          5
   c - Silence                        Hexes/Air                    5
   d - Deflect Missiles               Charms/Air                   6
   e - Haste                          Charms                       6
   f - Discord                        Hexes                        8
 y - a book of Maledictions

   Spells                             Type                      Level
   a - Corona                         Hexes                        1
   b - Ensorcelled Hibernation        Hexes/Ice                    2
   c - Confuse                        Hexes                        3
   d - Tukima's Dance                 Hexes                        3
   e - Dazzling Spray                 Conjuration/Hexes            3
 z - a Necronomicon

   Spells                             Type                      Level
   a - Haunt                          Necromancy/Summoning         7
   b - Borgnjor's Revivification      Necromancy                   8
   c - Death's Door                   Charms/Necromancy            8
   d - Necromutation                  Transmutation/Necromancy     8
Comestibles
 f - 5 bread rations
 m - 2 slices of pizza
 o - 5 meat rations
 s - 2 fruits
 v - 7 royal jellies
 w - 4 beef jerkies


   Skills:
 - Level 3.6 Fighting
 - Level 18.0 Long Blades
 - Level 3.6 Armour
 - Level 3.6 Shields
 + Level 6.2 Invocations


You had 10 spell levels left.
You didn't know any spells.

Dungeon Overview and Level Annotations

Branches:
Dungeon (10/15)            Temple (1/1) D:4            Lair (0/8) D:10
    Orc (2/2) D:10            Elf (0/3) Orc:2

Altars:
Ashenzari
Cheibriados
Dithmenos
Elyvilon
Fedhas
Gozag
Kikubaaqudgha
Makhleb
Nemelex Xobeh
Okawaru
Pakellas
Qazlal
Ru
Sif Muna
Trog
Vehumet
Xom
Yredelemnul
Zin
The Shining One
Beogh

Shops:
D:7 *

Annotations:
Orc:2 Donald, Sonja


Innate Abilities, Weirdness & Mutations

((You reflexively headbutt those who attack you in melee.))
((You have a pair of horns on your head.))
((You are partially covered in molten scales (AC +1).))
You are agile. (Dex +2)
You possess an exceptional clarity of mind.
You occasionally shout uncontrollably at your foes.


Message History

You feel your magic capacity decrease.
Unknown command.
Unknown command.
Sonja shoots a curare-tipped needle.
The curare-tipped needle hits you.
You are poisoned.
You have difficulty breathing.
* * * LOW HITPOINT WARNING * * *
You feel yourself slow down.
You see here a curare-tipped needle.
You feel sick.
Sonja zaps a wand.
You easily resist.
You feel sick.
You feel sick.
There is a stone staircase leading up here.
You feel sick. The orc is struck by your spines.
You kill the orc!
Qazlal accepts your kill.
Donald says, "I hate disasters."
Donald says, "I'll never be able to carry all this gold!
I hate that."
Donald hits you from afar with an antimagic demon trident!!
You die...

####.........
##...............
#...............#
#..............##
#.......#.......#
#.>....## .....##
#.......###.......
#.......#........#
###.......r....#
#.......)ยง#.##
#.......@###.##
##......(K#...# # #
##..........##
##.##.#............###
#.....#........o...#.##
##............_.......#
#........##..........##


You could see Donald, Sonja and an orc priest.

Vanquished Creatures
  Snorg (Orc:2)
  An unseen horror (D:10)
  4 hill giants (D:10)
  A centaur skeleton (D:9)
  A queen bee (D:10)
  A troll (D:9)
  The ghost of M4edhros the Sneak, an amateur OpAr of Xom (D:5)
  2 wyverns (D:9)
  A hippogriff (D:8)
  4 yaks (D:9)
  A hungry ghost (D:9)
  A sky beast (D:7)
  3 ice beasts
  4 orc warriors
  3 centaurs
  4 ogres
  4 giant frogs
  Blork the orc (D:5)
  A wyvern zombie (D:10)
  A scorpion (D:8)
  A water moccasin skeleton (D:9)
  20 killer bees
  2 giant frog zombies
  A centaur zombie (D:10)
  2 crimson imps
  3 hounds
  2 jellies
  5 orc priests
  5 orc wizards
  5 iguanas
  6 worker ants
  2 hound zombies
  2 hound skeletons
  7 gnolls
  16 adders
  2 shadow imps
  2 oozes
  An adder zombie (D:8)
  An adder skeleton (D:5)
  3 worms
  4 giant geckos
  46 orcs
  A ball python (D:1)
  6 giant cockroaches
  9 goblins
  6 hobgoblins
  11 jackals
  8 kobolds
  4 quokkas
  10 bats
  A giant gecko zombie (D:8)
  3 giant newts
  A quokka skeleton (D:9)
  9 rats
  3 plants (D:10)
250 creatures vanquished.

Notes
Turn   | Place    | Note
--------------------------------------------------------------
     0 | D:1      | kae the Minotaur Fighter began the quest for the Orb.
     0 | D:1      | Reached XP level 1. HP: 19/19 MP: 0/0
   159 | D:1      | Reached XP level 2. HP: 26/26 MP: 1/1
   216 | D:1      | Reached skill level 4 in Long Blades
   345 | D:1      | Reached XP level 3. HP: 31/31 MP: 2/2
   983 | D:2      | Reached skill level 5 in Long Blades
  1111 | D:2      | Reached XP level 4. HP: 36/39 MP: 3/3
  1139 | D:2      | Gained mutation: You are agile. (Dex +2) [potion of mutation]
  1139 | D:2      | Gained mutation: You occasionally shout uncontrollably at your foes. [potion of mutation]
  1139 | D:2      | Gained mutation: You possess an exceptional clarity of mind. [potion of mutation]
  1408 | D:2      | Found a deep blue altar of Sif Muna.
  1499 | D:3      | Found an oddly glowing altar of Pakellas.
  1563 | D:3      | Reached skill level 6 in Long Blades
  1694 | D:3      | Reached XP level 5. HP: 39/45 MP: 4/4
  2161 | D:4      | Found a staircase to the Ecumenical Temple.
  2182 | Temple   | Entered the Ecumenical Temple
  2233 | Temple   | Became a worshipper of Qazlal Stormbringer
  2419 | D:4      | Reached skill level 7 in Long Blades
  2552 | D:4      | Noticed an ogre
  2558 | D:4      | Killed an ogre
  2558 | D:4      | Reached XP level 6. HP: 51/51 MP: 5/5
  2625 | D:4      | Found an iron altar of Okawaru.
  2625 | D:4      | Found a bloodstained altar of Trog.
  2671 | D:4      | Reached skill level 8 in Long Blades
  2973 | D:5      | Entered Level 5 of the Dungeon
  2975 | D:5      | Noticed M4edhros's ghost (amateur OpAr)
  2986 | D:5      | Killed M4edhros's ghost
  2986 | D:5      | Reached skill level 9 in Long Blades
  2986 | D:5      | Reached XP level 7. HP: 51/57 MP: 6/6
  3007 | D:5      | Noticed Blork the orc
  3016 | D:5      | Killed Blork the orc
  3213 | D:5      | Reached skill level 10 in Long Blades
  3275 | D:5      | Found a burning altar of Makhleb.
  3767 | D:6      | Reached * piety under Qazlal
  3989 | D:6      | Reached skill level 11 in Long Blades
  3991 | D:6      | Reached XP level 8. HP: 48/64 MP: 7/7
  4005 | D:6      | Found a white marble altar of Elyvilon.
  4798 | D:7      | Found Xap Moim's Elemental Accessories.
  4815 | D:7      | Reached skill level 12 in Long Blades
  5316 | D:8      | Gained mutation: You are partially covered in molten scales (AC +1). [potion of beneficial mutation]
  5586 | D:8      | Reached skill level 13 in Long Blades
  5980 | D:8      | Found a shimmering altar of Xom.
  6172 | D:9      | Reached XP level 9. HP: 53/70 MP: 8/8
  6182 | D:9      | Reached skill level 14 in Long Blades
  6446 | D:9      | Reached ** piety under Qazlal
  6776 | D:9      | Reached skill level 15 in Long Blades
  7161 | D:9      | Noticed a troll
  7532 | D:9      | Found a basalt altar of Yredelemnul.
  7532 | D:9      | Found a sacrificial altar of Ru.
  7613 | D:9      | HP: 1/70 [troll (6)]
  7617 | D:9      | Killed a troll
  7617 | D:9      | Reached skill level 16 in Long Blades
  7638 | D:9      | Reached XP level 10. HP: 15/77 MP: 9/9
  8018 | D:10     | Entered Level 10 of the Dungeon
  8132 | D:10     | Noticed a hill giant
  8152 | D:10     | Killed a hill giant
  8167 | D:10     | Found a staircase to the Lair.
  8189 | D:10     | Noticed a hill giant
  8485 | D:10     | Noticed a hill giant
  8495 | D:10     | Killed a hill giant
  8495 | D:10     | Reached skill level 17 in Long Blades
  9510 | D:10     | Found a staircase to the Orcish Mines.
  9528 | D:10     | Reached skill level 18 in Long Blades
  9670 | D:10     | Reached skill level 1 in Invocations
  9681 | D:10     | Noticed a hill giant
  9692 | D:10     | Killed a hill giant
  9960 | D:10     | Killed an unseen horror
 10756 | D:10     | Killed a hill giant
 10756 | D:10     | Reached skill level 5 in Invocations
 10756 | D:10     | Reached XP level 11. HP: 39/82 MP: 13/13
 10953 | Orc:1    | Entered Level 1 of the Orcish Mines
 11015 | Orc:2    | Entered Level 2 of the Orcish Mines
 11015 | Orc:2    | Found a roughly hewn altar of Beogh.
 11016 | Orc:2    | Found a staircase to the Elven Halls.
 11083 | Orc:2    | Noticed Snorg
 11090 | Orc:2    | Noticed Sonja
 11102 | Orc:2    | Killed Snorg
 11104 | Orc:2    | Noticed Donald
 11123 | Orc:2    | Slain by Donald

Vault maps used:
D:1:      saegor_arrival_simple_f, serial_co_window_serial, co_window_paths_a,
          co_window_paths_a, co_window_corner_a, co_window_paths_a,
          co_window_corner_a, co_window_corner_a, co_window_broadway_c,
          co_window_of_opportunity_b, co_window_corner_cb, co_window_sun,
          glass_columns_a, glass_columns_a, glass_columns_a, glass_columns_c
D:2:      grunt_ministairs_10, st_stairs_2, lemuel_blue_sif_altar
D:3:      first_bread, johnstein_pakellas_death_squad
D:4:      grunt_temple_overflow_bloody_war, minmay_temple_entry_statues_pillars
D:5:      makhleb_heckhound_becter, uniq_blork_the_orc
D:6:      elyvilon_altar_5
D:7:      nicolae_elemental_shop
D:8:      lemuel_coloured_pillars_altar
D:9:      gammafunk_temple_overflow_wave
D:10:     dpeg_oklobed_lair, orc_0_dummy, david_nohive_1
Temple:   chambers_temple_12
Orc:1:    serial_shops, shop, uniq_harold, uniq_maurice
Orc:2:    grunt_orc_tribal_feast, basic_altar, uniq_donald, uniq_sonja,
          uniq_snorg

Action                   |  1- 3 |  4- 6 |  7- 9 | 10-12 || total
-------------------------+-------+-------+-------+-------++-------
Melee: Long sword        |    82 |   144 |   321 |   254 ||   801
Invok: Upheaval          |       |       |       |    10 ||    10
Evoke: Wand              |       |       |     3 |     7 ||    10
  Use: Scroll            |     3 |     7 |     9 |     4 ||    23
       Potion            |       |     4 |     8 |     1 ||    13
 Stab: Distracted        |       |     1 |       |       ||     1
       Invisible         |       |       |     3 |       ||     3
       Paralysed         |       |       |     1 |     6 ||     7
  Eat: Chunk             |       |     7 |    12 |     6 ||    25
       Bread ration      |       |       |     1 |     1 ||     2
       Fruit             |       |       |     1 |       ||     1
